 Dungeon Crawl Stone Soup version 0.30-a0-465-g8901f6c8b5 (webtiles) character file.

Game seed: 9428690638280706657

9105 p00ps00p the Cleaver (level 11, -1/102 HPs)
             Began as a Hill Orc Fighter on Dec 18, 2022.
             Was an Initiate of Gozag.
             Slain by a two-headed ogre
             ... wielding a +0 giant club
              (11 damage)
             ... on level 1 of the Orcish Mines.
             The game lasted 00:16:27 (10566 turns).

p00ps00p the Cleaver (Hill Orc Fighter)            Turns: 10566, Time: 00:16:27

Health: -1/102     AC: 16    Str: 24    XL:     11   Next: 41%
Magic:  11/11      EV:  8    Int:  8    God:    Gozag
Gold:   898        SH:  7    Dex: 16    Spells: 10/10 levels left

rFire   . . .      SeeInvis .    a - +6 war axe
rCold   . . .      Faith    .    c - +0 buckler
rNeg    . . .      Spirit   .    y - +2 chain mail {Will+}
rPois   +          Reflect  .    o - +0 helmet
rElec   .          Harm     .    r - +0 cloak
rCorr   .          Rampage  .    (no gloves)
Will    +....                    (no boots)
Stlth   ..........               I - amulet of the acrobat
HPRegen 0.37/turn                q - ring of poison resistance
MPRegen 0.12/turn                D - +6 ring of dexterity

@: no status effects
A: no striking features
a: Renounce Religion, Potion Petition, Call Merchant, Bribe Branch


You were on level 1 of the Orcish Mines.
You worshipped Gozag.
Gozag was pleased with you.
You visited 3 branches of the dungeon, and saw 13 of its levels.
You also visited: Sewer.

You collected 1058 gold pieces.
You paid 160 gold pieces to Gozag.

Inventory:

Hand Weapons
 a - a +6 war axe (weapon)
Missiles
 C - 7 poisoned darts (quivered)
Armour
 c - a +0 buckler (worn)
 o - a +0 helmet (worn)
 r - a +0 cloak (worn)
 x - a +2 plate armour
 y - a +2 chain mail of willpower (worn)
Jewellery
 q - a ring of poison resistance (left hand)
 D - a +6 ring of dexterity (right hand)
 H - a ring of resist corrosion
 I - an amulet of the acrobat (around neck)
Wands
 b - a wand of flame (26)
 j - a wand of charming (11)
 m - a wand of polymorph (10)
 z - a wand of digging (13)
 K - a wand of roots (7)
Scrolls
 s - a scroll of magic mapping
 t - 6 scrolls of teleportation
 w - 2 scrolls of summoning
Potions
 d - a potion of might
 f - 4 potions of curing
 g - 4 potions of brilliance
 h - a potion of resistance
 i - a potion of heal wounds
 k - a potion of berserk rage
 l - 8 potions of mutation
 n - a potion of experience {unknown}
 p - a potion of magic {unknown}
 u - a potion of ambrosia {unknown}
 A - a potion of degeneration {unknown}
 B - 5 potions of haste
 E - a potion of cancellation {unknown}
 G - a potion of lignification {unknown}


   Skills:
 + Level 11.1 Fighting
 + Level 11.7 Axes
 + Level 10.2 Armour
 + Level 10.2 Shields


You had 10 spell levels left.
You didn't know any spells.
Your spell library contained the following spells:

 Spells                   Type           Power      Damage    Failure   Level
 Apportation              Tloc           0%         N/A       95%         1
 Slow                     Hex            0%         N/A       95%         1
 Confusing Touch          Hex            0%         N/A       100%        3
 Vampiric Draining        Necr           0%         2d6       100%        3
 Summon Lightning Spire   Summ/Air       0%         N/A       100%        4
 Alistair's Intoxication  Tmut/Pois      0%         N/A       100%        5
 Storm Form               Tmut/Air       0%         N/A       100%        7
 Maxwell's Capacitive Co  Air            0%         ∞         100%        8


Dungeon Overview and Level Annotations

Branches:
Dungeon (10/15)            Temple (1/1) D:6            Lair (0/5) D:9
    Orc (2/2) D:10          Sewer (visited)
    Elf: Orc:2

Altars:
Ashenzari
Cheibriados
Dithmenos
Elyvilon
Fedhas
Gozag
Hepliaklqana
Kikubaaqudgha
Makhleb
Nemelex Xobeh
Okawaru
Qazlal
Ru
Sif Muna
Trog
Uskayaw
Vehumet
Wu Jian
Xom
Yredelemnul
Zin
The Shining One
Beogh

Shops:
D:6 (

Annotations:
D:3 2 transporters, Zonian's ghost, amateur DjIE


Message History

You start waiting.
Done waiting.
You see here a +0 giant club.
There is a stone staircase leading down, spattered with blood here.
You climb downwards.
The ogre hits you with a +0 giant club!
The two-headed ogre hits you with a +0 giant club!
The two-headed ogre hits you but does no damage.
The ogre hits you with a +0 giant club! The ogre barely misses you.
The ogre hits you with a +0 giant club. You block the ogre's attack.
A two-headed ogre comes into view.
It is wielding a +0 dire flail and a +0 giant club.
An orc wizard comes into view. It is wielding a +0 dagger.
An ogre mage comes into view. It is wielding a +0 spear.
There is a stone staircase leading up, spattered with blood here.
The ogre barely misses you.
The two-headed ogre hits you with a +0 giant club!
The two-headed ogre hits you with a +0 giant spiked club!
The ogre hits you with a +0 giant club!!
The ogre barely misses you. The ogre hits you but does no damage.
The two-headed ogre completely misses you.
The two-headed ogre hits you with a +0 giant spiked club!
* * * LOW HITPOINT WARNING * * *
The ogre mage casts a spell.
The ogre mage flickers and vanishes!
Deactivating autopickup; reactivate with Ctrl-A.
You block the ogre's attack.
You climb upwards.
Reactivating autopickup.
There is a stone staircase leading down, spattered with blood here.
Unknown command.
Unknown command.
You hit the two-headed ogre but do no damage.
You slash the two-headed ogre! You slash the ogre! You hit the ogre. x2
You barely miss the ogre. You hit the ogre.
The ogre hits you with a +0 giant club!
* * * LOW HITPOINT WARNING * * *
You block the ogre's attack. The ogre hits you with a +0 giant club!
* * * LOW HITPOINT WARNING * * *
The two-headed ogre hits you with a +0 giant club!
You die...
Your body crumbles into a pile of gold.

### ##........#
##.###.........## ###
#....##.........###.#
##.........#..........
#........##..#....#..#
###.#.........#.......#
##.##.[[......#.......##
#...#[OOO............##
##.....O@O...........##
#......O#O............#
#..................#.##
##..._.....##......###
##.........#..#..<)#
####..........#......##
##.#............###..##
#...........##.## ####
##.#.##.....####


You could see 2 two-headed ogres and 5 ogres.

Vanquished Creatures
  An ugly thing (D:10)
  The ghost of pokeman the Thaumaturge, a novice DEHW of Vehumet (D:5)
  2 trolls (D:10)
  A hornet (D:9)
  3 wyverns
  A shadow (D:10)
  A wraith (D:10)
  13 yaks
  2 basilisks (D:9)
  A warg (Orc:2)
  An acid dragon (D:10)
  6 water moccasins
  2 sky beasts
  2 orc warriors
  Pargi (Sewer)
  An ice beast (D:6)
  A black bear (D:4)
  5 ogres
  5 centaurs
  2 phantoms
  A kobold brigand (D:9)
  Blork the orc (D:4)
  3 bullfrogs
  2 necrophages
  A gnoll sergeant (D:9)
  7 wights
  14 killer bees (D:8)
  3 howler monkeys (D:10)
  A jelly (D:6)
  2 hounds (D:5)
  6 orc priests
  2 iguanas
  11 orc wizards
  7 adders
  4 gnolls
  A shadow imp (D:7)
  3 white imps
  4 worms
  3 dart slugs
  51 orcs
  5 bats
  9 endoplasms
  7 giant cockroaches
  4 goblins
  11 hobgoblins
  3 jackals (D:5)
  7 kobolds
  6 quokkas
  4 ball pythons
  8 frilled lizards
  6 rats
249 creatures vanquished.

Vanquished Creatures (others)
  An orc wizard (D:10)
  A bush (D:9)
  3 fungi (D:9)
  6 plants (D:9)
11 creatures vanquished.

Grand Total: 260 creatures vanquished

Notes
Turn   | Place    | Note
-------+----------+-------------------------------------------
     0 | D:1      | p00ps00p the Hill Orc Fighter began the quest for the Orb.
     0 | D:1      | Reached XP level 1. HP: 19/19 MP: 1/1
    36 | D:1      | Reached XP level 2. HP: 27/27 MP: 2/2
   250 | D:1      | Reached XP level 3. HP: 26/33 MP: 3/3
   484 | D:2      | Found a faded altar of an unknown god.
   589 | D:2      | Reached XP level 4. HP: 16/40 MP: 4/4
   783 | D:2      | Found a hide-covered altar of Uskayaw.
  1248 | D:3      | Found a transporter.
  1248 | D:3      | Noticed Zonian's ghost (amateur DjIE)
  1359 | D:3      | Found the +5 robe of Misfortune {Harm *Corrode *Slow EV+5}
  1597 | D:3      | Found a transporter.
  1699 | D:3      | Reached XP level 5. HP: 44/47 MP: 5/5
  2048 | D:4      | Noticed a black bear
  2058 | D:4      | Killed a black bear
  2173 | D:4      | Noticed Blork the orc
  2185 | D:4      | Killed Blork the orc
  2186 | D:4      | Reached skill level 5 in Fighting
  2186 | D:4      | Reached XP level 6. HP: 32/56 MP: 6/6
  2220 | D:4      | Found a glowing drain.
  2232 | Sewer    | Entered a sewer
  2311 | Sewer    | Noticed Pargi
  2338 | Sewer    | Killed Pargi
  2339 | Sewer    | Reached skill level 5 in Axes
  2540 | Sewer    | Reached skill level 5 in Shields
  2812 | D:5      | Entered Level 5 of the Dungeon
  2820 | D:5      | Reached skill level 5 in Armour
  2820 | D:5      | Reached XP level 7. HP: 53/61 MP: 7/7
  3144 | D:5      | Found a runed translucent door.
  3345 | D:5      | Noticed pokeman's ghost (novice DEHW)
  3525 | D:5      | Killed pokeman's ghost
  3526 | D:5      | Reached XP level 8. HP: 63/71 MP: 8/8
  3889 | D:6      | Found a staircase to the Ecumenical Temple.
  4139 | D:6      | Found Gijong's Antique Weapon Shoppe.
  4186 | D:6      | Found an ornate altar of the Wu Jian Council.
  4492 | D:7      | Reached XP level 9. HP: 61/79 MP: 9/9
  5916 | D:8      | Reached XP level 10. HP: 70/91 MP: 10/10
  6407 | D:9      | Found a staircase to the Lair.
  6418 | D:9      | Reached skill level 10 in Axes
  6427 | D:9      | HP: 3/91 [water moccasin (3)]
  7273 | D:9      | Reached skill level 10 in Fighting
  7964 | Temple   | Entered the Ecumenical Temple
  8026 | Temple   | Became a worshipper of Gozag Ym Sagoz the Greedy
  8114 | D:10     | Entered Level 10 of the Dungeon
  8361 | D:10     | Noticed a white ugly thing
  8373 | D:10     | Killed a white ugly thing
  8374 | D:10     | Reached XP level 11. HP: 19/101 MP: 11/11
  9012 | D:10     | Found a staircase to the Orcish Mines.
  9308 | D:10     | Reached skill level 10 in Armour
  9308 | D:10     | Reached skill level 10 in Shields
  9978 | Orc:1    | Entered Level 1 of the Orcish Mines
 10015 | Orc:1    | Found a roughly hewn altar of Beogh.
 10174 | Orc:2    | Entered Level 2 of the Orcish Mines
 10194 | Orc:2    | Noticed an ogre mage
 10197 | Orc:2    | Noticed a two-headed ogre
 10200 | Orc:2    | Noticed a two-headed ogre
 10201 | Orc:2    | Noticed a two-headed ogre
 10201 | Orc:2    | Noticed an ogre mage
 10202 | Orc:2    | Noticed a two-headed ogre
 10563 | Orc:2    | Noticed a two-headed ogre
 10563 | Orc:2    | Noticed an ogre mage
 10566 | Orc:1    | Slain by a two-headed ogre

Illustrated notes

Levels and vault maps discovered:
D:1:      tarquinn_simple_flora_water_e, layout_rooms
D:2:      layout_loops_ring, chequers_ecumenical_altar_simple_redux,
          basic_altar, kennysheep_generic_room_12
D:3:      layout_loops_ring, gammafunk_ghost_mausoleum,
          minmay_misc_feat_more_columns, roderic_roman_lattice,
          grunt_decor_one_mirror
D:4:      layout_basic, gup_sewer_entry_pipe, uniq_blork_the_orc
D:5:      layout_loops_ring, ebering_ghost_sewer_d, kennysheep_generic_room_15
D:6:      layout_rooms, mainiacjoe_overflow_cross_hatched,
          minmay_temple_entry_butterflies, serial_shops,
          nicolae_shop_hallway_plus
D:7:      layout_cave_pools
D:8:      layout_basic
D:9:      layout_gridville, minmay_lair_entry_grove
D:10:     layout_loops_ring, hiddenorc2_lemuel
Temple:   grunt_wide_crystal_templ
Orc:1:    nicolae_orc_accident_1, layout_diamond_mine, basic_altar
Orc:2:    st_orc_ogre_mass, layout_caves, basic_altar, serial_shops,
          nicolae_square_shop

Skill      XL: |  1  2  3  4  5  6  7  8  9 10 11 |
---------------+----------------------------------+-----
Axes           | 3 4 5 6 7 9 11 | 11.7
Fighting       | 4 5 6 7 9 10 11 | 11.1
Armour         | 4 5 7 8 9 10 | 10.2
Shields        | 4 5 7 8 9 10 | 10.2

Action                   |  1- 3 |  4- 6 |  7- 9 | 10-12 || total
-------------------------+-------+-------+-------+-------++-------
Melee: War axe           |    90 |   194 |   243 |   286 ||   813
Evoke: Wand              |       |       |     2 |       ||     2
  Use: Scroll            |     2 |     6 |     9 |    13 ||    30
       Potion            |       |     1 |     3 |     4 ||     8
 Stab: Distracted        |       |       |       |     1 ||     1
Armor: Scale mail        |    10 |       |       |       ||    10
       Chain mail        |    44 |   145 |   149 |    12 ||   350
       Plate armour      |       |       |    67 |   178 ||   245
Dodge: Dodged            |    36 |    85 |   109 |    93 ||   323
Block: Buckler           |    23 |    52 |   100 |    93 ||   268

Table legend: (Time is in decaauts)
 A = Elapsed time spent in this place.
 B = Non-inter-level travel time spent in this place.
 C = Inter-level travel time spent in this place.
 D = Time resting spent in this place.
 E = Time spent auto-exploring this place.
 F = Levels seen in this place.
 G = Mean time per level.
                   A        B        C        D        E       F      G
               +--------+--------+--------+--------+--------+-----+--------+
         Total |  10753 |  10290 |    463 |   1862 |   6645 |  14 |  768.1 |
       Dungeon |   9731 |   9290 |    441 |   1513 |   6197 |  10 |  973.1 |
        Temple |     72 |     55 |     17 |      0 |     37 |   1 |   72.0 |
  Orcish Mines |    587 |    583 |      4 |    349 |    169 |   2 |  293.5 |
         Sewer |    361 |    361 |      0 |      0 |    242 |   1 |  361.0 |
               +--------+--------+--------+--------+--------+-----+--------+

Top non-repeatable levels by time:
    D:10: 1858 daAuts
     D:9: 1552 daAuts
     D:8: 1323 daAuts
     D:6: 945 daAuts
     D:5: 796 daAuts
     D:2: 790 daAuts
     D:3: 691 daAuts
     D:7: 673 daAuts
     D:4: 600 daAuts
   Orc:1: 556 daAuts
     D:1: 499 daAuts
   Sewer: 361 daAuts
  Temple: 72 daAuts
   Orc:2: 30 daAuts
